[Event "FIDE Rating Open 2024"]
[Site "Dhaka"]
[Date "2024.01.22"]
[Round "8.6"]
[White "Sagor"]
[Black "Mehdi Hasan Parag"]
[Result "0-1"]
[ECO "C77"]
[WhiteElo "1979"]
[BlackElo "2171"]
[Annotator "RC"]
[PlyCount "130"]
[EventDate "2024.01.16"]
[EventType "swiss"]
[EventCountry "BAN"]
[SourceTitle "playchess.com"]
[Source "ChessBase"]
[SourceQuality "1"]
[TimeControl "5400+30"]

1. e4 e5 2. Nf3 Nc6 3. Bb5 a6 4. Ba4 Nf6 5. d4 Nxd4 6. Nxd4 exd4 7. e5 Ne4 8. Qxd4 Nc5 9. O-O Nxa4 10. Qxa4 b5 11. Qe4 Rb8 12. Nc3 Be7 13. Qg4 Kf8 14. Qh5 Rb6 15. Be3 Rg6 16. Qf3 h5 17. Kh1 h4 18. h3 b4 19. Ne2 Kg8 20. Qe4 d5 21. exd6 Bxd6 22. Rad1 Qf6 23. Bd4 Qf5 24. Qxf5 Bxf5 25. c4 bxc3 26. Bxc3 Rh5 27. Nd4 Be4 28. f3 Bd5 29. a3 Rhg5 30. Rf2 Bg3 31. Re2 Bc4 32. Re4 Rd6 33. b3 Bxb3 34. Rb1 Ba4 35. Be1 Bb5 36. Bxg3 hxg3 37. Nxb5 Rxb5 38. Rbe1 f5 39. R4e3 f4 40. Re4 Rf5 41. Kg1 Rd2 42. Rc1 c5 43. Kf1 Rf2+ 44. Kg1 Kh7 45. Rec4 Ra2 46. a4 g5 47. Kf1 Kg6 48. Re4 Rf2+ 49. Kg1 Rd2 50. Kf1 Rd4 51. Re6+ Rf6 52. Re5 Rc6 53. a5 c4 54. Ke2 Kf6 55. Re8 Re6+ 56. Rxe6+ Kxe6 57. Rb1 Kd5 58. Rb8 Kc5 59. Rg8 Rd5 60. Rc8+ Kb4 61. Rc6 Rxa5 62. h4 gxh4 63. Rf6 Ra2+ 64. Kf1 Ra1+ 65. Ke2 h3 0-1

[Event "FIDE Rating Open 2024"]
[Site "Dhaka"]
[Date "2024.01.23"]
[Round "9.1"]
[White "Mohammad Minhaz Uddin"]
[Black "Subrota, Biswas"]
[Result "1/2-1/2"]
[ECO "D40"]
[WhiteElo "2224"]
[BlackElo "2223"]
[Annotator "RC"]
[PlyCount "42"]
[EventDate "2024.01.16"]
[EventType "swiss"]
[EventCountry "BAN"]
[SourceTitle "playchess.com"]
[Source "ChessBase"]
[SourceQuality "1"]
[TimeControl "5400+30"]

1. e4 c6 2. d4 d5 3. exd5 cxd5 4. c4 Nf6 5. Nc3 e6 6. Nf3 Be7 7. Bd3 O-O 8. O-O dxc4 9. Bxc4 a6 10. a3 b5 11. Bb3 Bb7 12. Qd3 Nbd7 13. Bc2 Qc7 14. Bg5 Rfd8 15. Rac1 Rac8 16. Rfd1 Qb8 17. Qe2 Re8 18. Ne5 Nxe5 19. dxe5 Nd5 20. Bxe7 Nxc3 21. bxc3 Rxe7 1/2-1/2

[Event "FIDE Rating Open 2024"]
[Site "Dhaka"]
[Date "2024.01.23"]
[Round "9.2"]
[White "Rahman, Ziaur"]
[Black "Abu Sufian, Shakil"]
[Result "1/2-1/2"]
[ECO "D30"]
[WhiteElo "2428"]
[BlackElo "2199"]
[Annotator "RC"]
[PlyCount "224"]
[EventDate "2024.01.16"]
[EventType "swiss"]
[EventCountry "BAN"]
[SourceTitle "playchess.com"]
[Source "ChessBase"]
[SourceQuality "1"]
[TimeControl "5400+30"]

1. Nf3 d5 2. c4 c6 3. e3 Nf6 4. d4 e6 5. Nbd2 Nbd7 6. b3 Bd6 7. Bb2 Qc7 8. Bd3 O-O 9. O-O Re8 10. Rc1 e5 11. c5 e4 12. cxd6 Qxd6 13. Bb1 exf3 14. Qxf3 Nf8 15. Rfe1 Bg4 16. Qg3 Qd7 17. f3 Bf5 18. e4 Bg6 19. b4 Rad8 20. e5 Nh5 21. Qh4 Bxb1 22. Nxb1 g6 23. Nd2 Ne6 24. Nb3 Rf8 25. Re3 Nhg7 26. Qf2 Nf5 27. Ree1 Qe7 28. Qd2 h5 29. a4 a6 30. Nc5 Nxc5 31. bxc5 Ng7 32. Rb1 Ne6 33. Bc1 Rd7 34. Qf2 f5 35. f4 Rf7 36. Rb3 Rh7 37. Be3 Qd8 38. Reb1 h4 39. Bd2 Rdg7 40. Rf3 Kh8 41. Kh1 Kg8 42. Rf1 Kh8 43. Be3 Kg8 44. Qd2 Rh5 45. Qc2 Kh8 46. Rb1 Kg8 47. Kg1 Kh8 48. Kf1 Kg8 49. Rb6 Kh8 50. Ke1 Kg8 51. Kd1 Kh8 52. Kc1 Kg8 53. Kb1 Kh8 54. Bf2 Kg8 55. Ka2 Kh8 56. Be3 Rhh7 57. Rf2 Rf7 58. Qb1 Qf8 59. Rfb2 Nd8 60. R6b3 Qh6 61. Qe1 Ne6 62. Qa5 Qh5 63. Qb6 Qd1 64. Rd2 Qf1 65. Qb4 h3 66. g3 Qf3 67. Rf2 Qh5 68. Qd2 Rd7 69. Qe1 Rhf7 70. Qf1 Kg8 71. Rfb2 Kh8 72. Qb1 Kg8 73. Qe1 Kh8 74. Rf2 Kg8 75. Rb1 Rh7 76. Ka3 Kh8 77. Qa5 Rhf7 78. Qb4 Kg8 79. Bd2 Kh8 80. Qb2 Kg8 81. Bc3 Kh8 82. Qd2 Kg8 83. Ba5 Rh7 84. Rb3 Rhf7 85. Bb6 Rf8 86. Rf1 Rff7 87. Rfb1 g5 88. fxg5 f4 89. g6 Rf5 90. gxf4 Rxf4 91. Rd3 Qh4 92. Rd1 Rg7 93. Qc3 Rxg6 94. Rxh3 Qf2 95. Rd2 Qg1 96. Rhd3 Rf1 97. Ba7 Rc1 98. Rc2 Rxc2 99. Qxc2 Qa1+ 100. Kb4 Nxd4 101. Qd1 Qb2+ 102. Ka5 Nc2 103. Qd2 Rg4 104. Rg3 Rxg3 105. hxg3 Qb3 106. Qg5+ Kh7 107. Qh4+ Kg6 108. Qg4+ Kh7 109. Qf5+ Kg7 110. Qg5+ Kh7 111. Qh4+ Kg6 112. Qg4+ Kh7 1/2-1/2

[Event "FIDE Rating Open 2024"]
[Site "Dhaka"]
[Date "2024.01.23"]
[Round "9.3"]
[White "Rahman, Syed Mahfuzur"]
[Black "Zia, Tahsin Tajwar"]
[Result "1/2-1/2"]
[ECO "A46"]
[WhiteElo "2087"]
[BlackElo "2275"]
[Annotator "RC"]
[PlyCount "101"]
[EventDate "2024.01.16"]
[EventType "swiss"]
[EventCountry "BAN"]
[SourceTitle "playchess.com"]
[Source "ChessBase"]
[SourceQuality "1"]
[TimeControl "5400+30"]

1. d4 Nf6 2. Nf3 e6 3. g3 b5 4. Bg2 Bb7 5. O-O c5 6. b3 Nc6 7. Bb2 Qb6 8. a4 b4 9. Nbd2 d5 10. dxc5 Bxc5 11. Bxf6 gxf6 12. Rc1 a5 13. c4 bxc3 14. Rxc3 Nb4 15. Nb1 Ke7 16. Qd2 h5 17. Nh4 Rag8 18. e3 Bd6 19. Rcc1 Rg4 20. Nc3 Rhg8 21. Ne2 d4 22. Bxb7 Qxb7 23. Ng2 d3 24. Nef4 Bxf4 25. exf4 Rd8 26. Rc5 Qb6 27. Rb5 Qa7 28. Qe3 Qc7 29. Qc5+ Qxc5 30. Rxc5 Rd5 31. Rxd5 Nxd5 32. Rd1 Nb4 33. Ne1 Rg8 34. Nxd3 Rd8 35. Nb2 Rxd1+ 36. Nxd1 Nc2 37. Ne3 Nxe3 38. fxe3 Kd6 39. Kf2 Kc5 40. Ke2 Kb4 41. Kd3 Kxb3 42. e4 f5 43. e5 Kb4 44. Kd4 Kxa4 45. Kc4 Ka3 46. Kc3 a4 47. h3 Ka2 48. Kc2 Ka3 49. Kc3 Ka2 50. Kc2 Ka1 51. Kc1 1/2-1/2

[Event "FIDE Rating Open 2024"]
[Site "Dhaka"]
[Date "2024.01.23"]
[Round "9.4"]
[White "Anata, Choudhury"]
[Black "Sakline Mostafa, Sajid"]
[Result "0-1"]
[ECO "B45"]
[WhiteElo "2196"]
[BlackElo "2110"]
[Annotator "RC"]
[PlyCount "48"]
[EventDate "2024.01.16"]
[EventType "swiss"]
[EventCountry "BAN"]
[SourceTitle "playchess.com"]
[Source "ChessBase"]
[SourceQuality "1"]
[TimeControl "5400+30"]

1. e4 c5 2. Nf3 e6 3. d4 cxd4 4. Nxd4 Nf6 5. Nc3 Nc6 6. Nxc6 bxc6 7. e5 Nd5 8. Ne4 Qa5+ 9. Bd2 Qb6 10. c4 Qxb2 11. Bd3 Qd4 12. Ke2 Ba6 13. Qa4 Nb4 14. Qxb4 Bxb4 15. Bxb4 Qb2+ 16. Bd2 Qxe5 17. Bc3 Qc7 18. Bxg7 Rg8 19. Nf6+ Ke7 20. Nxg8+ Rxg8 21. Bc3 Rxg2 22. Kf3 Rxh2 23. Rhg1 Rh3+ 24. Ke2 Bxc4 0-1

[Event "FIDE Rating Open 2024"]
[Site "Dhaka"]
[Date "2024.01.23"]
[Round "9.5"]
[White "Nayem, Haque"]
[Black "Mehdi Hasan Parag"]
[Result "1/2-1/2"]
[ECO "C68"]
[WhiteElo "2092"]
[BlackElo "2171"]
[Annotator "RC"]
[PlyCount "115"]
[EventDate "2024.01.16"]
[EventType "swiss"]
[EventCountry "BAN"]
[SourceTitle "playchess.com"]
[Source "ChessBase"]
[SourceQuality "1"]
[TimeControl "5400+30"]

1. e4 e5 2. Nf3 Nc6 3. Bb5 a6 4. Bxc6 dxc6 5. O-O Qf6 6. d4 exd4 7. Bg5 Qd6 8. Nxd4 Be7 9. Bxe7 Nxe7 10. Nc3 Bd7 11. Nb3 O-O-O 12. Qxd6 cxd6 13. Rad1 Kc7 14. Rd2 Ng6 15. f4 Rhe8 16. Nd4 b5 17. f5 Ne5 18. b3 b4 19. Nce2 c5 20. Nf3 Bc6 21. Ng3 f6 22. Nh5 Rd7 23. Ng3 a5 24. Rdd1 Ng4 25. Rfe1 Rde7 26. h3 Nh6 27. Nd2 d5 28. Kf2 d4 29. Nh5 g6 30. Nxf6 Rf8 31. e5 Nxf5 32. Nc4 h5 33. Kg1 Nh4 34. Rf1 Rd8 35. Rf2 Nf5 36. Re1 a4 37. Kh2 Bb5 38. g4 hxg4 39. hxg4 Rh8+ 40. Kg1 Bc6 41. Rh2 Nh4 42. Kf2 g5 43. Kg3 axb3 44. axb3 Rd8 45. Rd1 Ng6 46. Rh5 Nxe5 47. Rxg5 Nxc4 48. bxc4 Re2 49. Rxc5 Rxc2 50. Nd5+ Rxd5 51. Rxd5 Bxd5 52. cxd5 Rc4 53. Kf4 Kd6 54. Ke4 d3+ 55. Kxd3 Rxg4 56. Kc2 Rg5 57. Kb3 Rxd5 58. Rxd5+ 1/2-1/2

[Event "FIDE Rating Open 2024"]
[Site "Dhaka"]
[Date "2024.01.23"]
[Round "9.6"]
[White "Swarnavo Choudhury"]
[Black "Saiful Islam, Chowdhury"]
[Result "1-0"]
[ECO "C97"]
[WhiteElo "2056"]
[BlackElo "2130"]
[Annotator "NA RC"]
[PlyCount "85"]
[EventDate "2024.01.16"]
[EventType "swiss"]
[EventCountry "BAN"]
[SourceTitle "playchess.com"]
[Source "ChessBase"]
[SourceQuality "1"]
[TimeControl "5400+30"]

1. e4 e5 2. Nf3 Nc6 3. Bb5 a6 4. Ba4 Nf6 5. O-O Be7 6. Re1 b5 7. Bb3 d6 8. c3 O-O 9. h3 Na5 10. Bc2 c5 11. d4 Qc7 12. Nbd2 Re8 13. d5 g6 {[%emt 0:00:40] C97: Closed Ruy Lopez: Chigorin Defence: 11 d4 Qc7, sidelines.} 14. Nf1 Bf8 15. Ng3 Bd7 16. Nh2 Bg7 17. f4 exf4 18. Bxf4 Nc4 19. b3 Ne5 20. Nf3 c4 21. Nxe5 dxe5 22. Bd2 h5 23. Qf3 a5 24. Rf1 Rf8 25. Bg5 Ra6 26. a4 cxb3 27. Bxb3 bxa4 28. Bxa4 Rc8 29. Ne2 Bxa4 30. Rxa4 Qb6+ 31. Kh2 Qb5 32. Rfa1 $11 Nd7 33. Be7 Nb6 34. R4a2 a4 35. Rf1 Qe8 36. Qd3 Nc4 37. d6 Qd7 38. Qd5 Ra5 39. Qxf7+ Kh7 40. Rf6 Qe8 41. Qxe8 Rxe8 42. d7 Rea8 43. Rc6 1-0